 Dungeon Crawl Stone Soup version 0.30-a0-122-g2a1322497e (webtiles) character file.

Game seed: 2341198844301476362

37 Dreamer the Sneak (level 3, 0/20 HPs)
             Began as a Vampire Enchanter on Sept 16, 2022.
             Slain by an orc
             ... wielding a +1 hand axe of flaming
              (2 damage)
             ... on level 3 of the Dungeon.
             The game lasted 00:03:46 (2338 turns).

Dreamer the Sneak (Vampire Enchanter)               Turns: 2338, Time: 00:03:47

Health: 0/20       AC:  3    Str:  7    XL:     3   Next: 21%
Magic:  2/6        EV: 12    Int: 17    God:
Gold:   137        SH:  0    Dex: 16    Spells: 5/7 levels left

rFire   . . .      SeeInvis +    a - +1 dagger
rCold   + + .      Faith    .    (no shield)
rNeg    + + +      Spirit   .    b - +0 robe
rPois   ∞          Reflect  .    (no helmet)
rElec   .          Harm     .    (no cloak)
rCorr   .          Rampage  .    (no gloves)
Will    .....                    d - +0 pair of boots
Stlth   +++++.....               (no amulet)
HPRegen 0.00/turn                (no ring)
MPRegen 0.10/turn                (no ring)

@: bloodless, inhibited regen
A: bloodless, fangs 3, see invisible, vampiric 2
a: Bat Form, Revivify


You were on level 3 of the Dungeon.
You visited 1 branch of the dungeon, and saw 3 of its levels.

You collected 137 gold pieces.

Inventory:

Hand Weapons
 a - a +1 dagger (weapon)
Armour
 b - a +0 robe (worn)
 d - a +0 pair of boots (worn)
Scrolls
 e - 3 scrolls of identify {unknown}
 f - a scroll of amnesia {unknown}
 h - a scroll of silence {unknown}
 i - a scroll of noise {unknown}
 k - a scroll of fear {unknown}
 l - a scroll of enchant weapon {unknown}
Potions
 c - 2 potions of invisibility
 g - a potion of mutation {unknown}
 j - 3 potions of heal wounds {unknown}


   Skills:
 + Level 0.8 Fighting
 + Level 1.4 Short Blades
 + Level 2.4 Dodging
 + Level 4.8 Stealth
 * Level 2.5 Spellcasting
 + Level 4.7 Hexes


You had 5 spell levels left.
You knew the following spells:

 Your Spells              Type           Power      Damage    Failure   Level
a - Ensorcelled Hibernat  Hex/Ice        20%        N/A       11%         2

Your spell library contained the following spells:

 Spells                   Type           Power      Damage    Failure   Level
 Confusing Touch          Hex            18%        N/A       8%          3
 Tukima's Dance           Hex            18%        N/A       8%          3
 Dazzling Flash           Conj/Hex       20%        N/A       21%         3


Dungeon Overview and Level Annotations

Branches:
Dungeon (3/15)

Altars:
Hepliaklqana


Innate Abilities, Weirdness & Mutations

You do not regenerate when monsters are visible.
You are frail without blood (-20% HP).
You can heal yourself when you bite living creatures.
You are immune to poison.
You have razor-sharp teeth.
You have supernaturally acute eyesight. (SInv)
You are afflicted with vampirism and can become a bat while bloodless.


Message History

The orc is moderately wounded.
The orc misses you.
The orc resists with significant effort.
The orc closely misses you.
You hit the orc but do no damage.
The orc is moderately wounded.
The orc hits you with a +0 hand axe.
You hit the orc. Your bite misses the orc.
The orc is heavily wounded.
The orc closely misses you.
You barely miss the orc. You bite the orc.
You kill the orc!
You start resting.
Magic restored.
You start resting.
HP restored.
You climb downwards.
The orc barely misses you. The orc misses you.
There is a stone staircase leading up here.
The orc resists with significant effort.
The orc hits you with a +1 hand axe of flaming.
The orc burns you. The orc hits you with a +0 whip.
You are too injured to fight recklessly!
Casting: Ensorcelled Hibernation (safe; 11% risk of failure)
Confirm with . or Enter, or press ? or * to list all spells.
Aiming: Ensorcelled Hibernation (safe; 11% risk of failure)
Press: ? - help, Shift-Dir - straight line, f - orc, p - orc
Aim: an orc, wielding a +1 hand axe of flaming (chance to affect: 62%)
The orc resists with significant effort.
A rat comes into view.
The orc barely misses you. The orc hits you with a +0 whip.
* * * LOW HITPOINT WARNING * * *
You hit the orc.
The orc is moderately wounded.
The orc misses you. The orc closely misses you.
You closely miss the orc.
The orc is moderately wounded.
The orc hits you with a +1 hand axe of flaming.
* * * LOW HITPOINT WARNING * * *
The orc burns you.
You die...

#..#.##...###.##.
#..#.##.......#
#.##.###.###..#
#.##.# #.# #..#
#.##<# #.# #..##
#.##########...#
#............#.#
####..)....o[..#
#.......@...#
#.......o.r.#
#...........#
########.##...#
#.# ##.# #.# .#
#.# . #.# #. #..


oo You could see 2 orcs and a rat.

Vanquished Creatures
  A worm (D:2)
  2 dart slugs (D:2)
  3 orcs
  An endoplasm (D:2)
  A goblin (D:1)
  2 hobgoblins (D:1)
  2 jackals (D:3)
  3 ball pythons
  4 bats (D:1)
  2 frilled lizards (D:2)
  4 kobolds
  2 rats (D:1)
  A spectral hobgoblin (D:1)
28 creatures vanquished.

Notes
Turn   | Place    | Note
-------+----------+-------------------------------------------
     0 | D:1      | Dreamer the Vampire Enchanter began the quest for the Orb.
     0 | D:1      | Reached XP level 1. HP: 13/13 MP: 3/3
   420 | D:1      | Reached XP level 2. HP: 15/15 MP: 5/5
   423 | D:1      | Learned a level 2 spell: Ensorcelled Hibernation
   526 | D:1      | Found a faded altar of an unknown god.
  1487 | D:2      | Found a hazy altar of Hepliaklqana.
  2118 | D:3      | Gained mutation: You are afflicted with vampirism and can
                  | become a bat while bloodless. [Vampire growth]
  2118 | D:3      | Reached XP level 3. HP: 20/20 MP: 6/6
  2338 | D:3      | Slain by an orc

Illustrated notes

Levels and vault maps discovered:
D:1:      heliophobic_arrival_dark_side_of_the_moon, layout_loops_ring,
          dreamdust_ecumenical_altar_drowned_temple, feat_on_display
D:2:      layout_loops_corners, serial_rivers, chequers_serial_rivers_micro_c,
          chequers_serial_rivers_small_a, chequers_serial_rivers_micro_b,
          chequers_serial_rivers_micro_b, basic_altar, minmay_misc_feat_pillars,
          minmay_bisected
D:3:      layout_basic, overflow_temple_1_default, kennysheep_flooded_box

Action                   || total
-------------------------++-------
Melee: Dagger            ||    70
       Bite              ||     7
       Punch             ||     2
 Cast: Ensorcelled Hiber ||    11
 Abil: Exsanguinate      ||     1
 Stab: Sleeping          ||    15
Armor: Robe              ||    19
Dodge: Dodged            ||    40

Table legend: (Time is in decaauts)
 A = Elapsed time spent in this place.
 B = Non-inter-level travel time spent in this place.
 C = Inter-level travel time spent in this place.
 D = Time resting spent in this place.
 E = Time spent auto-exploring this place.
 F = Levels seen in this place.
 G = Mean time per level.
                   A        B        C        D        E       F      G
               +--------+--------+--------+--------+--------+-----+--------+
         Total |   2343 |   2290 |     53 |    600 |   1422 |   3 |  781.0 |
       Dungeon |   2343 |   2290 |     53 |    600 |   1422 |   3 |  781.0 |
               +--------+--------+--------+--------+--------+-----+--------+

Top non-repeatable levels by time:
     D:2: 1294 daAuts
     D:1: 987 daAuts
     D:3: 61 daAuts
